 Dungeon Crawl Stone Soup version 0.22-a0-388-g09e6169 (webtiles) character file.

57 Kairos the Shield-Bearer (level 4, 0/24 HPs)
             Began as a Vine Stalker Fighter on Apr 29, 2018.
             Succumbed to an adder's poison
             ... on level 2 of the Dungeon.
             The game lasted 00:01:13 (1091 turns).

Kairos the Shield-Bearer (Vine Stalker Fighter)     Turns: 1091, Time: 00:01:14

Health: 0/24       AC:  6    Str: 21    XL:     4   Next: 0%
Magic:  2/5        EV:  7    Int:  8    God:
Gold:   86         SH:  9    Dex: 14    Spells: 3/3 levels left

rFire    . . .     SeeInvis .   a - +0 war axe
rCold    . . .     Gourm    .   c - +0 shield
rNeg     . . .     Faith    .   b - +0 scale mail
rPois    .         Spirit   +   (no helmet)
rElec    .         Reflect  .   (no cloak)
rCorr    .         Harm     .   (no gloves)
MR       .....                  (no boots)
Stlth    ..........             (no amulet)
HPRegen  0.48/turn              e - +2 ring of strength
MPRegen  0.09/turn              (no ring)

@: lethally poisoned (0 -> -2), hasted, very quick
A: fangs 2, regeneration 1, magic shield, antimagic bite, no potion heal 3, rot
immunity
a: no special abilities


You were on level 2 of the Dungeon.
You were hungry.

You visited 1 branch of the dungeon, and saw 2 of its levels.

You collected 86 gold pieces.

Inventory:

Hand Weapons
 a - a +0 war axe (weapon)
Armour
 b - a +0 scale mail (worn)
 c - a +0 shield (worn)
Jewellery
 e - a +2 ring of strength (left hand)
Scrolls
 g - 2 scrolls of identify {unknown}
 i - a scroll of remove curse {unknown}
Potions
 d - a potion of might
Comestibles
 f - 4 rations


   Skills:
 + Level 3.2 Fighting
 + Level 2.3 Axes
 + Level 2.7 Armour
 + Level 3.3 Shields


You had 3 spell levels left.
You didn't know any spells.

Dungeon Overview and Level Annotations

Branches:
Dungeon (2/15)

Altars:


Innate Abilities, Weirdness & Mutations

You have extremely sharp teeth.
Your natural rate of healing is unusually fast.
When hurt, damage is shared between your health and your magic reserves.
Your bite disrupts and absorbs the magic of your enemies.
Potions cannot restore your health.
You are immune to rotting.


Message History

You hit the adder. Your bite misses the adder.
The adder is almost dead.
* * * LOW HITPOINT WARNING * * *
You feel sick. The adder bites you but does no damage. The adder bites you.
* * * LOW HITPOINT WARNING * * *
You are more poisoned.
The adder poisons you!
You slash the adder!
You kill the adder!
* * * LOW HITPOINT WARNING * * *
You feel sick.
You slash the hobgoblin!
You kill the hobgoblin!
You have reached level 4!
You feel agile.
You begin to heal more quickly.
* * * LOW HITPOINT WARNING * * *
You feel sick.
It was a potion of haste.
You feel yourself speed up.
You die...

##+## ...
... ... #.#
#.# #†# #@#
#.# #.# #.#
...... #.#
...... #.#
..... #.#
..... #.#
....####+###
#.#


There were no monsters in sight!

Vanquished Creatures
  A gnoll (D:1)
  An adder (D:2)
  A dart slug (D:1)
  2 leopard geckos (D:1)
  2 giant cockroaches
  2 goblins
  6 hobgoblins
  3 jackals (D:1)
  4 bats (D:1)
  3 frilled lizards (D:1)
  3 kobolds (D:1)
  5 rats
33 creatures vanquished.

Notes
Turn   | Place    | Note
-------+----------+-------------------------------------------
     0 | D:1      | Kairos the Vine Stalker Fighter began the quest for the Orb.
     0 | D:1      | Reached XP level 1. HP: 11/11 MP: 2/2
   111 | D:1      | Reached XP level 2. HP: 14/16 MP: 3/3
   258 | D:1      | Reached XP level 3. HP: 8/20 MP: 1/4
  1090 | D:2      | Gained mutation: Your natural rate of healing is unusually fast. [Vine Stalker growth]
  1090 | D:2      | Reached XP level 4. HP: 2/24 MP: 1/5
  1090 | D:2      | HP: 1/24 [poisoned by an adder]
  1091 | D:2      | Succumbed to an adder's poison

Vault maps used:
D:1:      tarquinn_simple_flora_water_e
D:2:      marbit_many_paths, first_ration, uniq_terence

Skill      XL: |  1  2  3 |
---------------+----------+-----
Shields        | 3 |  3.3
Fighting       | 3 |  3.2
Axes           | 2 |  2.3
Armour         | |  2.7

Action                   |  1- 3 |  4- 6 || total
-------------------------+-------+-------++-------
Melee: War axe           |   103 |       ||   103
       Bite              |    17 |       ||    17
  Use: Potion            |       |     1 ||     1
Armor: Scale mail        |    59 |       ||    59
Dodge: Dodged            |    36 |       ||    36
Block: Shield            |    63 |       ||    63

Table legend:
 A = Spawn XP
 B = Non-spawn XP
 C = Spawn XP percentage of total XP
 D = Spawn monster count
 E = Non-spawn monster count
 F = Spawn count percentage of total count
 G = Total turns spent on level
                    A         B        C        D         E        F      G
               +---------+---------+-------+---------+---------+-------+---------
         Total |       0 |      82 |   0.0 |       0 |      33 |   0.0 |  1091
               +---------+---------+-------+---------+---------+-------+---------
           D:1 |       0 |      61 |   0.0 |       0 |      28 |   0.0 |   873
           D:2 |       0 |      21 |   0.0 |       0 |       5 |   0.0 |   218
               +---------+---------+-------+---------+---------+-------+---------
